 Dungeon Crawl Stone Soup version 0.22-a0-608-g8a62e23 (webtiles) character file.

146 Hebeh the Magician (level 5, -12/29 HPs)
             Began as a Deep Elf Fire Elementalist on July 9, 2018.
             Engulfed by a cloud of flame (21 damage)
             ... on level 3 of the Dungeon.
             The game lasted 00:11:40 (3154 turns).

Hebeh the Magician (Deep Elf Fire Elementalist)     Turns: 3154, Time: 00:11:47

Health: -12/29     AC:  3    Str:  5    XL:     5   Next: 7%
Magic:  13/14      EV: 13    Int: 21    God:
Gold:   146        SH:  0    Dex: 15    Spells: 12/13 levels left

rFire    . . .     SeeInvis .   e - -3 spear (curse)
rCold    + . .     Gourm    .   (no shield)
rNeg     . . .     Faith    .   a - +0 robe
rPois    .         Spirit   .   b - +0 hat
rElec    .         Reflect  .   p - +0 cloak (curse)
rCorr    .         Harm     .   (no gloves)
MR       .....                  (no boots)
Stlth    ++........             (no amulet)
HPRegen  0.09/turn              i - ring of protection from cold
MPRegen  0.14/turn              (no ring)

@: no status effects
A: no striking features
a: no special abilities


You were on level 3 of the Dungeon.
You were not hungry.

You visited 1 branch of the dungeon, and saw 3 of its levels.

You collected 146 gold pieces.

Inventory:

Hand Weapons
 e - a cursed -3 spear (weapon)
 f - a +0 whip
 l - a +0 dagger
 m - a +0 short sword
Missiles
 g - a throwing net
 k - 50 stones (quivered)
Armour
 a - a +0 robe (worn)
 b - a +0 hat (worn)
 p - a cursed +0 cloak (worn)
Jewellery
 i - a ring of protection from cold (left hand)
Scrolls
 d - a scroll of blinking
 h - 3 scrolls of teleportation
 r - a scroll of identify
Potions
 j - a potion of degeneration {unknown}
 n - a potion of curing {unknown}
 q - a potion of lignification {unknown}
Comestibles
 c - 3 rations
 o - 8 chunks of flesh


   Skills:
 + Level 1.3 Fighting
 - Level 2.4 Dodging
 - Level 2.4 Stealth
 * Level 4.6 Spellcasting
 * Level 2.7 Conjurations
 * Level 4.4 Fire Magic


You had 12 spell levels left.
You knew the following spells:

 Your Spells              Type           Power        Failure   Level  Hunger
a - Flame Tongue          Conj/Fire      ###..        2%          1    None

Your spell library contained the following spells:

 Spells                   Type           Power        Failure   Level  Hunger
 Fireball                 Conj/Fire      ###.......   58%         5    ######.
 Conjure Flame            Conj/Fire      ###.....     8%          3    ##.....
 Throw Flame              Conj/Fire      ###...       4%          2    #......
 Sticky Flame             Conj/Fire      ###.....     26%         4    ####...
 Inner Flame              Hex/Fire       ##......     14%         3    ##.....


Dungeon Overview and Level Annotations

Branches:
Dungeon (3/15)

Altars:
Qazlal


Message History

Aim: a bat (resting, inner flame)
You throw a stone.
The stone hits the bat but does no damage.
Casting: Flame Tongue (safe; 2% risk of failure)
Confirm with . or Enter, or press ? or * to list all spells.
You can't see any susceptible monsters within range! (Use Z to cast anyway.)
A frilled lizard comes into view.
The bat misses you.
Casting: Flame Tongue (safe; 2% risk of failure)
Confirm with . or Enter, or press ? or * to list all spells.
Aiming: Flame Tongue (safe; 2% risk of failure)
Press: ? - help, Shift-Dir - straight line, f/p - bat
Aim: a bat (inner flame)
The flame tongue hits the bat.
The bat explodes!
The fiery explosion engulfs you!
Ouch! That really hurt!
You are engulfed in blazing flames.
Ouch! That really hurt!
You die...

##.# .## #.# ..# #.. #.#
#### #.# ## #.# .## ###
#.# # ..## ##.###.#
#.#(#
...####...##.#####§.....
...'............@§§.....
...###....##.#.###§#...l
..## #.#.#.....# # . .##
#.###.##### ##
#.###....## #
#.##......##
#.#........#
#.#........# #
#.#........#


You could see a frilled lizard (sleeping).

Vanquished Creatures
  A worker ant (D:2)
  4 adders (D:2)
  3 worms (D:2)
  2 dart slugs
  A leopard gecko (D:1)
  3 orcs (D:3)
  12 giant cockroaches
  6 goblins
  5 hobgoblins
  6 kobolds
  2 quokkas (D:2)
  3 ball pythons
  9 bats
  5 frilled lizards
  6 rats
68 creatures vanquished.

Notes
Turn   | Place    | Note
-------+----------+-------------------------------------------
     0 | D:1      | Hebeh the Deep Elf Fire Elementalist began the quest for the Orb.
     0 | D:1      | Reached XP level 1. HP: 10/10 MP: 6/6
   162 | D:1      | Reached XP level 2. HP: 15/15 MP: 5/8
   938 | D:2      | Reached XP level 3. HP: 15/20 MP: 3/10
  1325 | D:2      | Reached XP level 4. HP: 16/24 MP: 2/12
  1882 | D:2      | Reached skill level 1 in Fighting
  2818 | D:3      | Found a stormy altar of Qazlal.
  3020 | D:3      | Reached XP level 5. HP: 29/29 MP: 10/13
  3154 | D:3      | Engulfed by a cloud of flame

Vault maps used:
D:1:      mrwooster_arrival_statue, minivault_23
D:3:      minmay_roachtagon, nicolae_qazlal_eye_of_the_storm

Skill      XL: |  1  2  3  4 |
---------------+-------------+-----
Conjurations   | 2 |  2.7
Spellcasting   | 4 |  4.6
Fire Magic     | 4 |  4.4
Fighting       | 1 |  1.3
Dodging        | |  2.4
Stealth        | |  2.4

Action                   |  1- 3 |  4- 6 || total
-------------------------+-------+-------++-------
Melee: Spear             |     1 |     1 ||     2
Throw: Stone             |    13 |    42 ||    55
       Throwing net      |     1 |       ||     1
 Cast: Flame Tongue      |    53 |    79 ||   132
  Use: Scroll            |     2 |     2 ||     4
  Eat: Chunk             |     1 |     6 ||     7
Armor: Robe              |     4 |     4 ||     8
Dodge: Dodged            |    18 |    17 ||    35

Table legend:
 A = Spawn XP
 B = Non-spawn XP
 C = Spawn XP percentage of total XP
 D = Spawn monster count
 E = Non-spawn monster count
 F = Spawn count percentage of total count
 G = Total turns spent on level
                    A         B        C        D         E        F      G
               +---------+---------+-------+---------+---------+-------+---------
         Total |       0 |     209 |   0.0 |       0 |      68 |   0.0 |  3154
               +---------+---------+-------+---------+---------+-------+---------
           D:1 |       0 |      24 |   0.0 |       0 |      14 |   0.0 |   756
           D:2 |       0 |     140 |   0.0 |       0 |      31 |   0.0 |  1831
           D:3 |       0 |      45 |   0.0 |       0 |      23 |   0.0 |   567
               +---------+---------+-------+---------+---------+-------+---------
